 Dungeon Crawl Stone Soup version 0.31-a0-703-gcfe89afef6 (webtiles) character file.

Game seed: 4308014672816807970

2926 pokeman the Thaumaturge (level 9, -3/44 (50) HPs)
             Began as a Deep Elf Hedge Wizard on Sept 8, 2023.
             Was a Follower of Vehumet.
             Killed by divine providence
             ... invoked by Jeremiah
              (16 damage)
             ... on level 8 of the Dungeon.
             The game lasted 00:16:33 (8817 turns).

pokeman the Thaumaturge (Deep Elf Hedge Wizard)     Turns: 8817, Time: 00:16:33

HP:   -3/44 (50)    AC: 10    Str: 10    XL:     9   Next: 50%
MP:   25/26         EV: 13    Int: 24    God:    Vehumet [*.....]
Gold: 380           SH:  0    Dex: 19    Spells: 18/31 levels left

rFire   + . .        C - +2 short sword (elec)
rCold   . . .        (no shield)
rNeg    + . .        u - +2 leather armour of the Everdark {rN+ Str+3 Dex+5 Stlth-}
rPois   .            c - +0 hat
rElec   .            (no cloak)
rCorr   .            A - +0 pair of gloves
SInv    .            (no boots)
Will    .....        (no amulet)
Stlth   +            B - +4 ring of protection
HPRegen 0.27/turn    F - ring of protection from fire
MPRegen 0.20/turn

%: no passive effects
@: heavily drained
A: no striking features
a: Renounce Religion


You were on level 8 of the Dungeon.
You worshipped Vehumet.
Vehumet was aware of your devotion.
You visited 2 branches of the dungeon, and saw 9 of its levels.

You collected 380 gold pieces.

Inventory:

Hand Weapons
 C - a +2 short sword of electrocution (weapon)
Missiles
 n - a throwing net
Armour
 c - a +0 hat (worn)
 e - a +2 robe of willpower
 u - the +2 leather armour of the Everdark (worn) {rN+ Str+3 Dex+5 Stlth-}
   (You found it on level 4 of the Dungeon)

   Str+3:     It affects your strength (+3).
   Dex+5:     It affects your dexterity (+5).
   rN+:       It protects you from negative energy.
   Stlth-:    It makes you less stealthy.
 A - a +0 pair of gloves (worn)
 E - the +3 kite shield of the Evening {rElec rPois rN++ Dex-5}
   (You found it on level 7 of the Dungeon)

   Dex-5:     It affects your dexterity (-5).
   rElec:     It insulates you from electricity.
   rPois:     It protects you from poison rN++: It greatly protects you from
   negative energy.
 G - a +2 leather armour of fire resistance
Jewellery
 B - a +4 ring of protection (left hand)
 F - a ring of protection from fire (right hand)
Wands
 y - a wand of acid (7)
Scrolls
 a - a scroll of blinking {unknown}
 b - 3 scrolls of torment {unknown}
 h - 2 scrolls of summoning {unknown}
 l - 3 scrolls of teleportation {unknown}
 o - a scroll of amnesia {unknown}
 p - a scroll of acquirement {unknown}
 q - 2 scrolls of enchant weapon {unknown}
 r - 6 scrolls of identify {unknown}
 s - a scroll of immolation {unknown}
 v - 2 scrolls of fog {unknown}
 w - a scroll of fear {unknown}
 D - a scroll of vulnerability {unknown}
Potions
 d - a potion of magic
 f - 2 potions of brilliance {unknown}
 g - 4 potions of enlightenment {unknown}
 i - a potion of resistance {unknown}
 j - 2 potions of lignification {unknown}
 k - 5 potions of curing {unknown}
 m - 5 potions of heal wounds {unknown}
 t - a potion of attraction {unknown}
 x - a potion of haste {unknown}
 z - a potion of berserk rage {unknown}
 H - a potion of mutation {unknown}


   Skills:
 - Level 3.0 Fighting
 - Level 3.0 Armour
 - Level 3.0 Dodging
 - Level 3.0 Stealth
 + Level 1.1 Shields
 * Level 11.8 Spellcasting
 + Level 6.4 Conjurations
 - Level 1.1 Summonings
 - Level 5.1 Necromancy
 - Level 1.1 Translocations
 + Level 2.1 Fire Magic
 - Level 1.1 Air Magic
 - Level 1.0 Poison Magic
 - Level 1.1 Evocations


You had 18 spell levels left.
You knew the following spells:

 Your Spells              Type           Power      Damage    Failure   Level
a - Magic Dart            Conj           100%       1d8       1%          1
b - Mephitic Cloud        Conj/Pois/Air  28%        N/A       5%          3
c - Call Imp              Summ           38%        N/A       5%          2
d - Blink                 Tloc           38%        N/A       5%          2
e - Foxfire               Conj/Fire      100%       2x1d9     1%          1
f - Dispel Undead         Necr           38%        3d16      7%          4

Your spell library contained the following spells:

 Spells                   Type           Power      Damage    Failure   Level
 Kiss of Death            Conj/Necr      100%       2d13      1%          1
 Cigotuvi's Dreadful Rot  Necr/Pois/Air  50%        N/A       3%          2
 Slow                     Hex            56%        N/A       6%          1
 Confusing Touch          Hex            14%        N/A       17%         3


Dungeon Overview and Level Annotations

Branches:
Dungeon (8/15)             Temple (1/1) D:5
   Lair: D:8-11

Altars:
Ashenzari
Cheibriados
Dithmenos
Elyvilon
Fedhas
Hepliaklqana
Kikubaaqudgha
Makhleb
Nemelex Xobeh
Sif Muna
Trog
Uskayaw
Vehumet
Wu Jian
Xom
Yredelemnul
Zin

Annotations:
D:3 Loot behind rock
D:5 Scrolls behind grate
D:8 Jeremiah


Message History

Jeremiah hits the butterfly with a +4 trident of draining!
The butterfly is killed!
The butterfly disappears in a burst of colours!
You hit the butterfly.
Lightning courses through the butterfly!
You kill the butterfly!
The butterfly disappears in a burst of colours!
Jeremiah hits the butterfly with a +4 trident of draining!
The butterfly is killed!
The butterfly disappears in a burst of colours!
Jeremiah hits you with a +4 trident of draining.
You partially resist.
You feel drained.
Jeremiah hits themself with a +4 trident of draining!
Jeremiah drains themself.
You hit Jeremiah.
Jeremiah is moderately wounded.
Unknown command.
You strike the helpless Jeremiah from behind!
You hit Jeremiah.
Jeremiah is heavily wounded.
Unknown command.
You closely miss Jeremiah.
Jeremiah is heavily wounded.
Jeremiah hits the butterfly with a +4 trident of draining!
The butterfly is killed!
The butterfly disappears in a burst of colours!
Unknown command.
You closely miss Jeremiah. You punch Jeremiah, but do no damage.
Jeremiah is heavily wounded.
Jeremiah seems less confused.
Jeremiah hits you with a +4 trident of draining.
You partially resist.
You feel drained.
* * * LOW HITPOINT WARNING * * *
Unknown command.
You hit Jeremiah.
Jeremiah is heavily wounded.
Jeremiah lets out a twisted cry.
Something smites you!
You die...
Jeremiah asks, "Is it over?
Can I wake up now?"

..........#
########.##
#.# #.####
#....#
####.# #†#
#b# #@#


#bbF# #.#### #. # You could see Jeremiah (drained).

Vanquished Creatures
  Grinder (D:5)
  Sigmund (D:5)
  2 steam dragons
  Menkaure (D:5)
  2 water moccasins
  A black bear (D:6)
  An ice beast (D:6)
  A sky beast (D:7)
  3 ogres
  A centaur (D:8)
  A phantom (D:6)
  3 scorpions
  3 wights (D:6)
  5 killer bees (D:8)
  3 howler monkeys (D:8)
  A hound (D:5)
  Ijyb (D:5)
  A sleepcap (D:6)
  Natasha (D:3)
  3 iguanas
  An orc wizard (D:6)
  13 gnolls
  10 adders
  A shadow imp (D:8)
  A white imp (D:6)
  An ufetubus (D:6)
  2 worms (D:2)
  8 dart slugs
  9 orcs
  5 endoplasms
  3 giant cockroaches
  5 goblins
  3 hobgoblins (D:1)
  8 kobolds
  3 quokkas
  5 ball pythons
  9 bats
  4 frilled lizards
  9 rats
136 creatures vanquished.

Vanquished Creatures (collateral kills)
  An ice beast (D:6)
  A shadow imp (D:6)
  An orc (D:5)
3 creatures vanquished.

Vanquished Creatures (others)
  86 foxfires
86 creatures vanquished.

Grand Total: 225 creatures vanquished

Notes
Turn   | Place    | Note
-------+----------+-------------------------------------------
     0 | D:1      | pokeman the Deep Elf Hedge Wizard began the quest for the
                  | Orb.
     0 | D:1      | Reached XP level 1. HP: 10/10 MP: 7/7
   334 | D:1      | Reached XP level 2. HP: 15/15 MP: 6/9
  1035 | D:1      | Reached skill level 5 in Spellcasting
  1035 | D:1      | Reached XP level 3. HP: 20/20 MP: 5/11
  1039 | D:1      | Learned a level 3 spell: Mephitic Cloud
  1042 | D:1      | Learned a level 2 spell: Call Imp
  1045 | D:1      | Learned a level 2 spell: Blink
  1706 | D:2      | Reached skill level 1 in Fighting
  1706 | D:2      | Reached skill level 1 in Armour
  1873 | D:2      | Reached XP level 4. HP: 14/25 MP: 5/13
  2511 | D:2      | Reached skill level 6 in Spellcasting
  2611 | D:2      | Reached XP level 5. HP: 20/29 MP: 3/15
  2775 | D:2      | Found a faded altar of an unknown god.
  3229 | D:3      | Found an ancient bone altar of Kikubaaqudgha.
  3288 | D:3      | Found a basalt altar of Yredelemnul.
  3423 | D:3      | Found a sparkling altar of Nemelex Xobeh.
  3617 | D:3      | Noticed Natasha
  3629 | D:3      | Killed Natasha
  3630 | D:3      | Reached skill level 1 in Poison Magic
  4121 | D:4      | Identified the +2 leather armour of the Everdark {rN+ Str+3
                  | Dex+5 Stlth-}
  4216 | D:4      | Reached skill level 1 in Air Magic
  4216 | D:4      | Reached XP level 6. HP: 34/34 MP: 11/17
  4376 | D:4      | Reached skill level 1 in Shields
  4376 | D:4      | Reached skill level 7 in Spellcasting
  4683 | D:5      | Entered Level 5 of the Dungeon
  4883 | D:5      | Learned a level 4 spell: Dispel Undead
  4890 | D:5      | Noticed Ijyb
  4914 | D:5      | Killed Ijyb
  4963 | D:5      | Noticed Grinder
  4967 | D:5      | Paralysed by Grinder for 4 turns
  4973 | D:5      | Paralysed by Grinder for 4 turns
  5012 | D:5      | Paralysed by Grinder for 4 turns
  5018 | D:5      | Killed Grinder
  5019 | D:5      | Reached skill level 8 in Spellcasting
  5019 | D:5      | Reached skill level 1 in Necromancy
  5019 | D:5      | Reached XP level 7. HP: 18/39 MP: 3/20
  5131 | D:5      | Noticed Sigmund
  5149 | D:5      | Killed Sigmund
  5245 | D:5      | Found a staircase to the Ecumenical Temple.
  5259 | Temple   | Entered the Ecumenical Temple
  5362 | D:5      | Found a glowing silver altar of Zin.
  5585 | D:5      | Found a radiant altar of Vehumet.
  5597 | D:5      | Became a worshipper of Vehumet
  5679 | D:5      | Reached skill level 9 in Spellcasting
  5679 | D:5      | Reached XP level 8. HP: 44/44 MP: 15/23
  5742 | D:5      | Noticed Menkaure
  5884 | D:5      | Killed Menkaure
  6486 | D:6      | Reached skill level 5 in Conjurations
  6597 | D:6      | Reached skill level 10 in Spellcasting
  7119 | D:6      | Found a white marble altar of Elyvilon.
  7146 | D:6      | Reached * piety under Vehumet
  7146 | D:6      | Offered knowledge of Foxfire by Vehumet.
  7168 | D:6      | Learned a level 1 spell: Foxfire
  7344 | D:6      | Reached XP level 9. HP: 48/48 MP: 16/25
  7881 | D:7      | Reached skill level 11 in Spellcasting
  7881 | D:7      | Reached skill level 5 in Necromancy
  8086 | D:7      | Identified the +3 kite shield of the Evening {rElec rPois
                  | rN++ Dex-5}
  8133 | D:7      | Found a blossoming altar of Fedhas.
  8605 | D:8      | Reached skill level 1 in Fire Magic
  8605 | D:8      | Reached skill level 1 in Evocations
  8806 | D:8      | Noticed Jeremiah
  8817 | D:8      | Killed from afar by Jeremiah

Illustrated notes

Levels and vault maps discovered:
D:1:      dpeg_arrival_subterranean_lakeside_camping, layout_loops_corners,
          chequers_decorated_corner, dk_noncrumbling_4
D:2:      layout_basic, dreamdust_ecumenical_altar_grove, st_stairs_4
D:3:      layout_loops_ring, nemelex_xobeh_ov_fountains_minmay,
          mainiacjoe_overflow_concentric_impassable, old_standard_altar,
          roderic_lattice_a, due_unseen_surprise, uniq_natasha
D:4:      layout_cave_pools
D:5:      kennysheep_slugbush, layout_basic, zin_scriptorium,
          mainiacjoe_overflow_catwalk, minmay_temple_entry_overgrown,
          uniq_grinder, uniq_menkaure, uniq_sigmund, uniq_ijyb
D:6:      layout_gridville, mainiacjoe_overflow_tiny_flanked
D:7:      layout_loops_ring, lemuel_tele_altar
D:8:      layout_loops_ring, uniq_jeremiah
Temple:   nicolae_temple_ecumenical_triangle

Skill      XL: |  1  2  3  4  5  6  7  8  9 |
---------------+----------------------------+-----
Spellcasting   | 5 6 8 9 10 11 | 11.8
Fighting       | 1 2 3 |  3.0
Armour         | 1 3 |  3.0
Conjurations   | 2 3 4 5 6 |  6.4
Stealth        | 3 |  3.0
Dodging        | 3 |  3.0
Poison Magic   | 1 |  1.0
Air Magic      | 1 |  1.1
Shields        | 1 |  1.1
Necromancy     | 1 3 4 5 |  5.1
Fire Magic     | 2 |  2.1
Evocations     | 1 |  1.1
Summonings     | |  1.1
Translocations | |  1.1

Action                     |  1- 3 |  4- 6 |  7- 9 || total
---------------------------+-------+-------+-------++-------
  Melee: Dagger            |       |    65 |    14 ||    79
         Mace              |       |       |    16 ||    16
         Short sword       |       |       |    29 ||    29
         Punch             |       |       |     1 ||     1
   Cast: Magic Dart        |    92 |   121 |    85 ||   298
         Mephitic Cloud    |       |    13 |    14 ||    27
         Call Imp          |       |     2 |     6 ||     8
         Blink             |       |     1 |     3 ||     4
         Foxfire           |       |       |    51 ||    51
         Dispel Undead     |       |       |     3 ||     3
   Stab: Confused          |       |    11 |     9 ||    20
         Distracted        |       |       |     1 ||     1
 Armour: Robe              |    11 |    14 |       ||    25
         Leather armour    |       |     9 |    49 ||    58
  Dodge: Dodged            |    13 |    36 |    50 ||    99

Table legend: (Time is in decaauts)
 A = Elapsed time spent in this place.
 B = Non-inter-level travel time spent in this place.
 C = Inter-level travel time spent in this place.
 D = Time resting spent in this place.
 E = Time spent auto-exploring this place.
 F = Levels seen in this place.
 G = Mean time per level.
                   A        B        C        D        E       F      G
               +--------+--------+--------+--------+--------+-----+--------+
         Total |   8839 |   8567 |    272 |     93 |   7374 |   9 |  982.1 |
       Dungeon |   8837 |   8565 |    272 |     93 |   7374 |   8 | 1104.6 |
        Temple |      1 |      1 |      0 |      0 |      0 |   1 |    1.0 |
               +--------+--------+--------+--------+--------+-----+--------+

Top non-repeatable levels by time:
     D:1: 1694 daAuts
     D:5: 1599 daAuts
     D:2: 1535 daAuts
     D:6: 1396 daAuts
     D:7: 933 daAuts
     D:3: 814 daAuts
     D:4: 638 daAuts
     D:8: 224 daAuts
  Temple: 1 daAuts
